 Dungeon Crawl Stone Soup version 0.27-a0-1200-g94dc6ad (webtiles) character file.

Game seed: 15900031042083500576

7 Meow the Stinger (level 2, 16/22 HPs)
             Began as a Naga Venom Mage on May 30, 2021.
             Quit the game on level 1 of the Dungeon.
             The game lasted 00:01:43 (139 turns).

Meow the Stinger (Naga Venom Mage)                   Turns: 139, Time: 00:01:43

Health: 16/22      AC:  1    Str: 10    XL:     2   Next: 0%
Magic:  1/5        EV:  9    Int: 15    God:
Gold:   0          SH:  0    Dex: 11    Spells: 4/5 levels left

rFire    . . .     SeeInvis +   a - +0 spear
rCold    . . .     Faith    .   (no shield)
rNeg     . . .     Spirit   .   b - +0 robe
rPois    +         Reflect  .   (no helmet)
rElec    .         Harm     .   (no cloak)
rCorr    .         Rampage  .   (no gloves)
Will     .....                  (no barding)
Stlth    ++........             (no amulet)
HPRegen  0.07/turn              (no ring)
MPRegen  0.09/turn              (no ring)

@: short of breath, very slow
A: AC +0, large, see invisible, deformed body, poison resistance, slowness 2,
spit poison 1, naga tail 1
a: Spit Poison


You were on level 1 of the Dungeon.
You visited 1 branch of the dungeon, and saw 1 of its levels.

Inventory:

Hand Weapons
 a - a +0 spear (weapon)
Armour
 b - a +0 robe (worn)


   Skills:
 - Level 1.5 Dodging
 * Level 3.4 Stealth
 * Level 2.2 Spellcasting
 + Level 0.4 Conjurations
 - Level 1.0 Transmutations
 - Level 4.0 Poison Magic


You had 4 spell levels left.
You knew the following spells:

 Your Spells              Type           Power      Damage    Failure   Level
a - Sting                 Tmut/Pois      36%        1d4       8%          1

Your spell library contained the following spells:

 Spells                   Type           Power      Damage    Failure   Level
 Poisonous Vapours        Pois/Air       14%        N/A       14%         2
 Magic Dart               Conj           8%         1d3       19%         1
 Searing Ray              Conj           4%         3d3       28%         2
 Ignite Poison            Fire/Tmut/Pois 6%         N/A       32%         3
 Mephitic Cloud           Conj/Pois/Air  6%         N/A       34%         3
 Olgreb's Toxic Radiance  Pois           13%        N/A       38%         4
 Dazzling Flash           Conj/Hex       4%         N/A       52%         3
 Fulminant Prism          Conj/Hex       1%         3d6       89%         4
 Iskenderun's Mystic Bla  Conj/Tloc      2%         2d3       89%         4


Dungeon Overview and Level Annotations

Branches:
Dungeon (1/15)

Altars:


Innate Abilities, Weirdness & Mutations

Your serpentine skin is tough. (AC +0)
You have supernaturally acute eyesight. (SInv)
Armour fits poorly on your strangely shaped body.
Your system is resistant to poisons. (rPois)
You cover ground very slowly.
You can spit poison.
You have a snake-like lower body.


Message History

b - a +0 spear (weapon)
Adjust (i)tems, (s)pells, or (a)bilities?
b - a +0 spear (weapon)
Adjust to which letter? (? for menu, Esc to quit)
a - a +0 spear (weapon);
b - a +0 robe (worn)
You open the door.
There is an open door here.
There are monsters nearby!
Unknown command.
Unknown command.
Unknown command.
The goblin shouts!
A jackal comes into view.
Press: ? - help, Shift-Dir - straight line, f - jackal
Aim: a jackal The splash of poison hits the jackal!
The jackal is poisoned.
You kill the jackal!
Unknown command.
You have got your breath back.
Press: ? - help, Shift-Dir - straight line, f - goblin
Aim: a goblin, wielding a +0 club The splash of poison misses the goblin.
Unknown command.
Casting: Sting (safe; 8% risk of failure)
Confirm with . or Enter, or press ? or * to list all spells.
Aiming: Sting (safe; 8% risk of failure)
Press: ? - help, Shift-Dir - straight line, f/p - goblin
Aim: a goblin, wielding a +0 club (60% to hit)
The sting misses the goblin.
The goblin hits you with a +0 club.
Unknown command.
Casting: Sting (safe; 8% risk of failure)
Confirm with . or Enter, or press ? or * to list all spells.
Aiming: Sting (safe; 8% risk of failure)
Press: ? - help, Shift-Dir - straight line, f/p - goblin
Aim: a goblin, wielding a +0 club (60% to hit)
The sting hits the goblin.
The goblin is poisoned.
You kill the goblin!
You have reached level 2!
Unknown command.
Are you sure you want to abandon this character and quit the game? (Confirm with "yes".) ..# #####.# # #...... #.##.#.#.################### ...........PPPPPPPPPPPPPPP. #...............<........ #...#....PPPPPPPPPPPPPPP.

###.......#################
#.........@)...# #...
#.#.#.....##.#.# #... #
#.#........#.#########...
#.......##.#.............
#.........##.#####g........
#######...#### #......)..
.#........# #.........
..........### #.........
###+#.....'.# #.........


There were no monsters in sight!

Vanquished Creatures
  A ball python (D:1)
  2 goblins (D:1)
  A hobgoblin (D:1)
  A jackal (D:1)
  A bat (D:1)
6 creatures vanquished.

Notes
Turn   | Place    | Note
-------+----------+-------------------------------------------
     0 | D:1      | Meow the Naga Venom Mage began the quest for the Orb.
     0 | D:1      | Reached XP level 1. HP: 15/15 MP: 3/3
   139 | D:1      | Reached XP level 2. HP: 16/22 MP: 1/5
   139 | D:1      | Quit the game

Illustrated notes

Levels and vault maps discovered:
D:1:      eino_arrival_tree_alley, layout_basic, minmay_3d_cube

Action                   || total
-------------------------++-------
Melee: Unarmed           ||     1
 Cast: Sting             ||     4
 Abil: Spit Poison       ||     8
Dodge: Dodged            ||     3

Table legend: (Time is in decaauts)
 A = Elapsed time spent in this place.
 B = Non-inter-level travel time spent in this place.
 C = Inter-level travel time spent in this place.
 D = Time resting spent in this place.
 E = Time spent auto-exploring this place.
 F = Levels seen in this place.
 G = Mean time per level.
                   A        B        C        D        E       F      G
               +--------+--------+--------+--------+--------+-----+--------+
         Total |    171 |    171 |      0 |     29 |     43 |   1 |  171.0 |
       Dungeon |    171 |    171 |      0 |     29 |     43 |   1 |  171.0 |
               +--------+--------+--------+--------+--------+-----+--------+

Top non-repeatable levels by time:
     D:1: 171 daAuts
